TOP OF THE 1ST |
Philadelphia 1776 BC batting - Pitching for Rocky Mountain Nuggets : RHP Juan Guillén
|
Pitching: RHP Juan Guillén
|
|
Batting: LHB Tony Vega
|
0-0: Called Strike 0-1: Swinging Strike 0-2: Fly out, F7 (Flyball, 7S)
|
Batting: LHB Cliff Aldridge
|
0-0: Foul Ball, location: 2F 0-1: SINGLE (Groundball, 56) (infield hit)
|
Batting: LHB Manoo Satyavrat
|
0-0: Foul Ball, location: 2F 0-1: Swinging Strike 0-2: Strikes out swinging
|
Batting: LHB José Rodríguez
|
0-0: Ball 1-0: Ball 2-0: Ball 3-0: Called Strike 3-1: SINGLE (Line Drive, 56) Cliff Aldridge to second
|
Batting: RHB António Granados
|
0-0: Ball 1-0: Ball 2-0: Ball 3-0: Called Strike 3-1: Base on Balls Cliff Aldridge to third José Rodríguez to second
|
Batting: RHB John Schnatter
|
0-0: Ball 1-0: Ball 2-0: Called Strike 2-1: Ball 3-1: Base on Balls Cliff Aldridge scores José Rodríguez to third António Granados to second
|
Batting: RHB Patrizio Vanali
|
0-0: Called Strike 0-1: Ball 1-1: SINGLE (Line Drive, 6D) José Rodríguez scores António Granados to third John Schnatter to second
|
Batting: SHB Jesús Cabañe
|
0-0: Called Strike 0-1: Foul Ball, location: 2F 0-2: Ball 1-2: Ball 2-2: Strikes out swinging
|
Top of the 1st over - 2 runs, 3 hits, 0 errors, 3 left on base; Philadelphia 1776 2 - Rocky Mountain 0 |
BOTTOM OF THE 1ST |
Rocky Mountain Nuggets batting - Pitching for Philadelphia 1776 BC : LHP Carlos Sánchez
|
Pitching: LHP Carlos Sánchez
|
|
Batting: RHB Luis Ríos
|
0-0: Called Strike 0-1: Ball 1-1: Ground out 4-3 (Groundball, 4)
|
Batting: LHB Roberto Salazar
|
0-0: Ground out 4-3 (Groundball, 34)
|
Batting: RHB Iván Vega
|
0-0: Ball 1-0: SINGLE (Groundball, 6S) (infield hit)
|
Batting: LHB Javier Sánchez
|
0-0: Called Strike 0-1: Ball 1-1: Ball 2-1: Called Strike 2-2: Fly out, F7 (Flyball, 7)
|
Bottom of the 1st over - 0 runs, 1 hit, 0 errors, 1 left on base; Philadelphia 1776 2 - Rocky Mountain 0 |
TOP OF THE 2ND |
Philadelphia 1776 BC batting - Pitching for Rocky Mountain Nuggets : RHP Juan Guillén
|
Batting: RHB Fernando Rivera
|
0-0: Called Strike 0-1: Ball 1-1: Foul Ball, location: 2F 1-2: Ball 2-2: Ball 3-2: Strikes out swinging
|
Batting: LHB Tony Vega
|
0-0: Foul Ball, location: 2F 0-1: Called Strike 0-2: Foul Ball, location: 2F 0-2: Ball 1-2: Foul Ball, location: 2F 1-2: Ball 2-2: DOUBLE (Flyball, 8RXD)
|
Batting: LHB Cliff Aldridge
|
0-0: Ball 1-0: Foul Ball, location: 2F 1-1: Ball 2-1: Ball 3-1: Base on Balls
|
Batting: LHB Manoo Satyavrat
|
0-0: Ball Tony Vega steals 3rd base Cliff Aldridge to second 1-0: Called Strike 1-1: Ball 2-1: Foul Ball, location: 2F 2-2: Fly out, F7 (Flyball, 7LD) Runner from 3rd tags up, SCORES, no throw
|
Batting: LHB José Rodríguez
|
0-0: Ball 1-0: Swinging Strike 1-1: Swinging Strike 1-2: Strikes out swinging
|
Top of the 2nd over - 1 run, 1 hit, 0 errors, 1 left on base; Philadelphia 1776 3 - Rocky Mountain 0 |
BOTTOM OF THE 2ND |
Rocky Mountain Nuggets batting - Pitching for Philadelphia 1776 BC : LHP Carlos Sánchez
|
Batting: RHB Ludwig Kluge
|
0-0: Ball 1-0: Fly out, F9 (Flyball, 9LM)
|
Batting: RHB Andrés Rodríguez
|
0-0: Ball 1-0: Ball 2-0: Ground out 6-3 (Groundball, 6MS)
|
Batting: RHB Travis Newsome
|
0-0: Called Strike 0-1: Swinging Strike 0-2: Ball 1-2: Foul Ball, location: 2F 1-2: Foul Ball, location: 2F 1-2: SINGLE (Flyball, 78M)
|
Batting: RHB José Carlos Pérez
|
0-0: Foul Ball, location: 2F 0-1: Ball 1-1: Ball 2-1: Foul Ball, location: 2F 2-2: Foul Ball, location: 2F 2-2: SINGLE (Groundball, 4D) Travis Newsome to second Runner from 2nd tries for 3rd, SAFE, no throw
|
Batting: RHB Anthony Johnston
|
0-0: Called Strike 0-1: Ball 1-1: Ball 2-1: DOUBLE (Line Drive, 89D) Travis Newsome scores José Carlos Pérez to third Runner from 3rd tries for Home, SAFE, no throw
|
Batting: RHB Luis Ríos
|
0-0: Ball 1-0: Called Strike 1-1: Called Strike 1-2: Ground out 4-3 (Groundball, 4MS)
|
Bottom of the 2nd over - 2 runs, 3 hits, 0 errors, 1 left on base; Philadelphia 1776 3 - Rocky Mountain 2 |
TOP OF THE 3RD |
Philadelphia 1776 BC batting - Pitching for Rocky Mountain Nuggets : RHP Juan Guillén
|
Batting: RHB António Granados
|
0-0: Swinging Strike 0-1: Called Strike 0-2: SINGLE (Groundball, 4MD)
|
Batting: RHB John Schnatter
|
0-0: Ball 1-0: Called Strike 1-1: Ball 2-1: Fly out, F5 (Flyball, 5D)
|
Batting: RHB Patrizio Vanali
|
0-0: Fly out, F8 (Flyball, 8RD)
|
Batting: SHB Jesús Cabañe
|
0-0: Foul Ball, location: 2F 0-1: Foul Ball, location: 2F 0-2: Ball 1-2: Ball 2-2: Ball António Granados is caught stealing 2nd base
|
Top of the 3rd over - 0 runs, 1 hit, 0 errors, 0 left on base; Philadelphia 1776 3 - Rocky Mountain 2 |
BOTTOM OF THE 3RD |
Rocky Mountain Nuggets batting - Pitching for Philadelphia 1776 BC : LHP Carlos Sánchez
|
Batting: LHB Roberto Salazar
|
0-0: Ball 1-0: Ball 2-0: Foul Ball, location: 2F 2-1: Ball 3-1: Fly out, F9 (Flyball, 9LS)
|
Batting: RHB Iván Vega
|
0-0: Swinging Strike 0-1: Ball 1-1: SINGLE (Line Drive, 7LS)
|
Batting: LHB Javier Sánchez
|
0-0: Swinging Strike 0-1: Ball 1-1: Ball 2-1: Foul Ball, location: 2F 2-2: Foul Ball, location: 2F 2-2: SINGLE (Groundball, 34D) Iván Vega to second Runner from 2nd tries for 3rd, SAFE, no throw
|
Batting: RHB Ludwig Kluge
|
0-0: Ball 1-0: Called Strike 1-1: Called Strike 1-2: Ball 2-2: Foul Ball, location: 2F 2-2: Foul Ball, location: 2F 2-2: Foul Ball, location: 2F 2-2: Foul Ball, location: 2F 2-2: Ball 3-2: Foul Ball, location: 2F 3-2: Foul Ball, location: 2F 3-2: Strikes out swinging
|
Batting: RHB Andrés Rodríguez
|
0-0: Ground out 4-3 (Groundball, 34)
|
Bottom of the 3rd over - 0 runs, 2 hits, 0 errors, 2 left on base; Philadelphia 1776 3 - Rocky Mountain 2 |
TOP OF THE 4TH |
Philadelphia 1776 BC batting - Pitching for Rocky Mountain Nuggets : RHP Juan Guillén
|
Batting: SHB Jesús Cabañe
|
0-0: Ground out 4-3 (Groundball, 4)
|
Batting: RHB Fernando Rivera
|
0-0: Ball 1-0: Foul Ball, location: 2F 1-1: Swinging Strike 1-2: Ball 2-2: Strikes out swinging
|
Batting: LHB Tony Vega
|
0-0: Foul Ball, location: 2F 0-1: Ball 1-1: Fly out, F7 (Flyball, 7LMF)
|
Top of the 4th over - 0 runs, 0 hits, 0 errors, 0 left on base; Philadelphia 1776 3 - Rocky Mountain 2 |
BOTTOM OF THE 4TH |
Rocky Mountain Nuggets batting - Pitching for Philadelphia 1776 BC : LHP Carlos Sánchez
|
Batting: RHB Travis Newsome
|
0-0: Swinging Strike 0-1: Ground out 4-3 (Groundball, 4MS)
|
Batting: RHB José Carlos Pérez
|
0-0: Foul Ball, location: 2F 0-1: Ball 1-1: Ball 2-1: Called Strike 2-2: Ball 3-2: Base on Balls
|
Batting: RHB Anthony Johnston
|
0-0: Ball 1-0: Fly out, F9 (Flyball, 89D)
|
Batting: RHB Luis Ríos
|
0-0: Called Strike 0-1: Ground out 4-3 (Groundball, 4)
|
Bottom of the 4th over - 0 runs, 0 hits, 0 errors, 1 left on base; Philadelphia 1776 3 - Rocky Mountain 2 |
TOP OF THE 5TH |
Philadelphia 1776 BC batting - Pitching for Rocky Mountain Nuggets : RHP Juan Guillén
|
Batting: LHB Cliff Aldridge
|
0-0: Called Strike 0-1: Swinging Strike 0-2: Ball 1-2: Ground out 1-3 (Groundball, 13)
|
Batting: LHB Manoo Satyavrat
|
0-0: Ball 1-0: Called Strike 1-1: Called Strike 1-2: Strikes out looking
|
Batting: LHB José Rodríguez
|
0-0: SINGLE (Line Drive, 6MD)
|
Batting: RHB António Granados
|
0-0: Ball 1-0: Called Strike 1-1: Swinging Strike 1-2: Ball José Rodríguez is caught stealing 2nd base
|
Top of the 5th over - 0 runs, 1 hit, 0 errors, 0 left on base; Philadelphia 1776 3 - Rocky Mountain 2 |
BOTTOM OF THE 5TH |
Rocky Mountain Nuggets batting - Pitching for Philadelphia 1776 BC : LHP Carlos Sánchez
|
Batting: LHB Roberto Salazar
|
0-0: Called Strike 0-1: Swinging Strike 0-2: Ball 1-2: Ball 2-2: Foul Ball, location: 2F 2-2: Reached via error on a dropped throw, E3
|
Batting: RHB Iván Vega
|
0-0: Ball 1-0: Fly out, F7 (Flyball, 7D)
|
Batting: LHB Javier Sánchez
|
0-0: Called Strike 0-1: Grounds into double play, 6-4-3 (Groundball, 6)
|
Bottom of the 5th over - 0 runs, 0 hits, 1 error, 0 left on base; Philadelphia 1776 3 - Rocky Mountain 2 |
TOP OF THE 6TH |
Philadelphia 1776 BC batting - Pitching for Rocky Mountain Nuggets : RHP Juan Guillén
|
Batting: RHB António Granados
|
0-0: Ball 1-0: Ground out 5-3 (Groundball, 56S)
|
Batting: RHB John Schnatter
|
0-0: Foul Ball, location: 2F 0-1: Ball 1-1: Ball 2-1: Foul Ball, location: 2F 2-2: Ball 3-2: Foul Ball, location: 2F 3-2: Strikes out looking
|
Batting: RHB Patrizio Vanali
|
0-0: Called Strike 0-1: Ball 1-1: Ball 2-1: Ball 3-1: Ground out 1-3 (Groundball, 13)
|
Top of the 6th over - 0 runs, 0 hits, 0 errors, 0 left on base; Philadelphia 1776 3 - Rocky Mountain 2 |
BOTTOM OF THE 6TH |
Rocky Mountain Nuggets batting - Pitching for Philadelphia 1776 BC : LHP Carlos Sánchez
|
Batting: RHB Ludwig Kluge
|
0-0: Called Strike 0-1: Foul Ball, location: 2F 0-2: Strikes out swinging, 2-3 out at first.
|
Batting: RHB Andrés Rodríguez
|
0-0: Called Strike 0-1: Ball 1-1: Foul Ball, location: 2F 1-2: Foul Ball, location: 2F 1-2: Strikes out swinging
|
Batting: RHB Travis Newsome
|
0-0: Called Strike 0-1: Called Strike 0-2: Strikes out looking
|
Bottom of the 6th over - 0 runs, 0 hits, 0 errors, 0 left on base; Philadelphia 1776 3 - Rocky Mountain 2 |
TOP OF THE 7TH |
Philadelphia 1776 BC batting - Pitching for Rocky Mountain Nuggets : RHP Juan Guillén
|
Batting: SHB Jesús Cabañe
|
0-0: Foul Ball, location: 2F 0-1: Foul Ball, location: 2F 0-2: Strikes out swinging
|
Pitching: RHP Elton Mobley
|
|
Batting: RHB Fernando Rivera
|
0-0: Fly out, F8 (Flyball, 8RS)
|
Batting: LHB Tony Vega
|
0-0: Ball 1-0: SINGLE (Line Drive, 7LS)
|
Batting: LHB Cliff Aldridge
|
0-0: Ball 1-0: Ground out 4-3 (Groundball, 4)
|
Top of the 7th over - 0 runs, 1 hit, 0 errors, 1 left on base; Philadelphia 1776 3 - Rocky Mountain 2 |
BOTTOM OF THE 7TH |
Rocky Mountain Nuggets batting - Pitching for Philadelphia 1776 BC : LHP Carlos Sánchez
|
Batting: RHB José Carlos Pérez
|
0-0: Ball 1-0: Ball 2-0: Called Strike 2-1: Ground out 3-1 (Groundball, 34)
|
Pitching: RHP António Rodríguez
|
|
Batting: RHB Anthony Johnston
|
0-0: Fly out, F8 (Flyball, 8RXD)
|
Batting: RHB Luis Ríos
|
0-0: Called Strike 0-1: Ball 1-1: Swinging Strike 1-2: Foul Ball, location: 2F 1-2: Ground out 4-3 (Groundball, 4)
|
Bottom of the 7th over - 0 runs, 0 hits, 0 errors, 0 left on base; Philadelphia 1776 3 - Rocky Mountain 2 |
TOP OF THE 8TH |
Philadelphia 1776 BC batting - Pitching for Rocky Mountain Nuggets : RHP Elton Mobley
|
Batting: LHB Manoo Satyavrat
|
0-0: Foul Ball, location: 2F 0-1: Ball 1-1: Swinging Strike 1-2: Foul Ball, location: 2F 1-2: Fly out, F9 (Line Drive, 89D)
|
Batting: LHB José Rodríguez
|
0-0: Ball 1-0: Called Strike 1-1: Ball 2-1: Ball 3-1: Base on Balls
|
Pinch Hitting: SHB Sam Quint
|
0-0: Called Strike 0-1: Ball 1-1: Foul Ball, location: 2F 1-2: SINGLE (Line Drive, 9S) José Rodríguez to second
|
Batting: RHB John Schnatter
|
0-0: Ball 1-0: Ball 2-0: Called Strike 2-1: Swinging Strike 2-2: Foul Ball, location: 2F 2-2: Foul Ball, location: 2F 2-2: Foul Ball, location: 2F 2-2: Strikes out looking
|
Pinch Hitting: LHB Jeff Rutherford
|
0-0: Ball 1-0: Called Strike 1-1: Foul Ball, location: 2F 1-2: Ground out U3 (Groundball, 3)
|
Top of the 8th over - 0 runs, 1 hit, 0 errors, 2 left on base; Philadelphia 1776 3 - Rocky Mountain 2 |
BOTTOM OF THE 8TH |
Rocky Mountain Nuggets batting - Pitching for Philadelphia 1776 BC : RHP António Rodríguez
|
Now at 1B: Jeff Rutherford
|
|
Now at 2B: Sam Quint
|
|
Batting: LHB Roberto Salazar
|
0-0: Ball 1-0: Ball 2-0: Called Strike 2-1: Called Strike 2-2: Foul Ball, location: 2F 2-2: Ball 3-2: Foul Ball, location: 2F 3-2: Foul Ball, location: 2F 3-2: Base on Balls
|
Batting: RHB Iván Vega
|
0-0: Foul Ball, location: 2F 0-1: Ball 1-1: Swinging Strike 1-2: Foul Ball, location: 2F 1-2: Ball 2-2: SINGLE (Groundball, 6MD) Roberto Salazar to second Runner from 2nd tries for 3rd, SAFE, no throw
|
Batting: LHB Javier Sánchez
|
0-0: Ball 1-0: Ball 2-0: Fly out, F7 (Line Drive, 7D) Runner from 3rd tags up, OUT at HOME Iván Vega to second
|
Batting: RHB Ludwig Kluge
|
0-0: Ground out 6-3 (Groundball, 6)
|
Bottom of the 8th over - 0 runs, 1 hit, 0 errors, 1 left on base; Philadelphia 1776 3 - Rocky Mountain 2 |
TOP OF THE 9TH |
Philadelphia 1776 BC batting - Pitching for Rocky Mountain Nuggets : RHP Jackson Haines
|
Pitching: RHP Jackson Haines
|
|
Batting: SHB Jesús Cabañe
|
0-0: Called Strike 0-1: Called Strike 0-2: Ball 1-2: Strikes out swinging
|
Batting: RHB Fernando Rivera
|
0-0: Ball 1-0: Called Strike 1-1: SOLO HOME RUN (Flyball, 78XD), Distance : 437 ft
|
Batting: LHB Tony Vega
|
0-0: Called Strike 0-1: Ball 1-1: Ball 2-1: SINGLE (Flyball, 7S)
|
Batting: LHB Cliff Aldridge
|
0-0: Ball 1-0: Ball 2-0: Ball 3-0: Called Strike 3-1: Swinging Strike 3-2: Strikes out looking
|
Batting: LHB Manoo Satyavrat
|
0-0: Foul Ball, location: 2F 0-1: Ground out 4-3 (Groundball, 34)
|
Top of the 9th over - 1 run, 2 hits, 0 errors, 1 left on base; Philadelphia 1776 4 - Rocky Mountain 2 |
BOTTOM OF THE 9TH |
Rocky Mountain Nuggets batting - Pitching for Philadelphia 1776 BC : RHP António Rodríguez
|
Pitching: RHP Carlos Ramos
|
|
Batting: RHB Andrés Rodríguez
|
0-0: Ground out 6-3 (Groundball, 6)
|
Batting: RHB Travis Newsome
|
0-0: Ball 1-0: Called Strike 1-1: Swinging Strike 1-2: Strikes out looking
|
Batting: RHB José Carlos Pérez
|
0-0: Ball 1-0: Ball 2-0: Fly out, F9 (Flyball, 9S)
|
Bottom of the 9th over - 0 runs, 0 hits, 0 errors, 0 left on base; Philadelphia 1776 4 - Rocky Mountain 2 |
|